 Dungeon Sprint DCSS version 0.30.1-6-gbe392663c4 (webtiles) character file.

Game seed: 16502680834747316912

4305 Heoruswealwe the Severer (level 10, 0/104 HPs)
             Began as a Hill Orc Fighter on Sept 20, 2023.
             Was a High Priest of the Shining One.
             Slain by a 17-headed hydra (1 damage)
             ... in the Dungeon (Sprint IX: "|||||||||||||||||||||||||||||").
             The game lasted 00:09:47 (640 turns).

Heoruswealwe the Severer (Hill Orc Fighter)          Turns: 640, Time: 00:09:49

Health: 0/104      AC: 13    Str: 27    XL:     10   Next: 32%
Magic:  10/10      EV: 10    Int:  8    God:    the Shining One [*****.]
Gold:   12         SH:  7    Dex: 10    Spells: 9/9 levels left

rFire   . . .        a - +3 war axe (freeze)
rCold   . . .        d - +0 buckler
rNeg    + + .        c - +1 scale mail
rPois   .            g - +0 helmet
rElec   .            (no cloak)
rCorr   .            f - +0 pair of gloves
SInv    .            (no boots)
Will    .....        (no amulet) Stlth
                     k - +3 ring of strength
HPRegen 0.37/turn    (no ring)
MPRegen 0.12/turn

%: no teleportation
@: glowing
A: no striking features
a: Renounce Religion, Divine Shield, Cleansing Flame, Summon Divine Warrior


You were in the Dungeon.
You worshipped the Shining One.
The Shining One was extremely pleased with you.
You visited 1 branch You collected 12 gold pieces.

Inventory:

Hand Weapons
 a - a +3 war axe of freezing (weapon)
Armour
 c - a +1 scale mail (worn)
 d - a +0 buckler (worn)
 f - a +0 pair of gloves (worn)
 g - a +0 helmet (worn)
Jewellery
 k - a +3 ring of strength (left hand)
Wands
 h - a wand of iceblast (10)
Scrolls
 j - 3 scrolls of blinking
 l - a scroll of identify
 m - 2 scrolls of enchant armour
Potions
 b - 2 potions of curing
 e - a potion of haste


   Skills:
 + Level 14.6 Fighting
 + Level 15.6 Axes
 + Level 13.5 Armour
 + Level 13.5 Shields


You had 9 spell levels left.
You didn't know any spells.
Your spell library was empty.

Dungeon Overview and Level Annotations

Branches:
Dungeon (1/1)

Altars:
Cheibriados
Dithmenos
Elyvilon
Fedhas
Gozag
Hepliaklqana
Kikubaaqudgha
Makhleb
Nemelex Xobeh
Okawaru
Qazlal
Ru
Sif Muna
Trog
Uskayaw
Vehumet
Wu Jian
Xom
Yredelemnul
Zin
The Shining One
Beogh
Jiyva
Lugonu


Message History

The 13-headed hydra grows two more!
You slash the 15-headed hydra! You freeze the 15-headed hydra.
The 15-headed hydra is severely wounded.
You lop one of the 15-headed hydra's heads off!
The 14-headed hydra grows two more!
You slash the 16-headed hydra!
The 16-headed hydra seems to slow down.
You freeze the 16-headed hydra.
The 16-headed hydra is severely wounded.
You block the 16-headed hydra's attack. x2
The 16-headed hydra barely misses you. The 16-headed hydra misses you. x2
The 16-headed hydra bites you! The 16-headed hydra barely misses you.
The 16-headed hydra bites you but does no damage.
The 16-headed hydra closely misses you. x2
The 16-headed hydra bites you but does no damage.
The 16-headed hydra bites you!
* * * LOW HITPOINT WARNING * * *
The 16-headed hydra barely misses you. The 16-headed hydra bites you!
* * * LOW HITPOINT WARNING * * *
You block the 16-headed hydra's attack. The 16-headed hydra bites you.
* * * LOW HITPOINT WARNING * * *
You hit the 16-headed hydra but do no damage.
The 16-headed hydra is severely wounded.
You chop one of the 16-headed hydra's heads off!
The 15-headed hydra grows two more!
You slash the 17-headed hydra!
The 17-headed hydra seems to slow down.
You freeze the 17-headed hydra.
The 17-headed hydra is severely wounded.
You block the 17-headed hydra's attack. The 17-headed hydra bites you.
* * * LOW HITPOINT WARNING * * *
The 17-headed hydra bites you but does no damage.
The 17-headed hydra closely misses you. The 17-headed hydra bites you.
* * * LOW HITPOINT WARNING * * *
The 17-headed hydra barely misses you. The 17-headed hydra closely misses you.
You block the 17-headed hydra's attack. The 17-headed hydra bites you.
* * * LOW HITPOINT WARNING * * *
The 17-headed hydra bites you! The Shining One protects you from harm!
The 17-headed hydra bites you but does no damage. x2
The 17-headed hydra bites you.
* * * LOW HITPOINT WARNING * * *
The 17-headed hydra bites you.
You die...

▓▓▓▓▓▓▓▓▓▓▓▓▓▓▓▓▓▓▓▓▓▓▓▓▓▓▓▓▓▓▓▓▓
).....).....'____________________
▓▓▓▓▓▓▓▓▓▓▓▓▓▓▓▓▓▓▓▓▓▓▓▓▓▓▓▓▓▓▓▓▓
.................................
▓▓▓▓▓▓▓▓▓▓▓▓▓▓▓▓▓▓▓▓▓▓▓▓▓▓▓▓▓▓▓▓▓
...'......)!..??@DFY....
▓▓▓▓▓▓▓▓▓▓▓▓▓▓▓▓▓▓▓▓▓▓▓▓


You could see a 17-headed hydra (slow), a yak and a cane toad.

Vanquished Creatures
  A centaur warrior (D)
  A boulder beetle (D)
  A two-headed ogre (D)
  A cyclops (D)
  A komodo dragon (D)
  A polar bear (D)
  3 trolls (D)
  A wraith (D)
  2 vampires (D)
  A yak (D)
  A wyvern (D)
  A water moccasin (D)
  A black bear (D)
  2 bullfrogs (D)
  A howler monkey (D)
  A hound (D)
  An adder (D)
  An ufetubus (D)
  An orc (D)
  A hobgoblin (D)
  2 kobolds (D)
  A goblin (D)
  A rat (D)
28 creatures vanquished.

Notes
Turn   | Place    | Note
-------+----------+-------------------------------------------
     0 | D        | Heoruswealwe the Hill Orc Fighter began the quest for the
                  | Orb.
     0 | D        | Reached XP level 1. HP: 19/19 MP: 1/1
    14 | D        | Reached skill level 3 in Axes
    69 | D        | Noticed a black bear
    69 | D        | Noticed a hound
    76 | D        | Reached XP level 2. HP: 26/28 MP: 2/2
    77 | D        | Reached skill level 4 in Axes
    91 | D        | Killed a black bear
    92 | D        | Reached skill level 6 in Axes
    92 | D        | Reached XP level 3. HP: 38/38 MP: 3/3
    92 | D        | Reached XP level 4. HP: 45/45 MP: 4/4
    95 | D        | Reached skill level 7 in Axes
    95 | D        | Reached XP level 5. HP: 52/52 MP: 5/5
   137 | D        | Found a roughly hewn altar of Beogh.
   137 | D        | Found a snail-covered altar of Cheibriados.
   137 | D        | Found a shadowy altar of Dithmenos.
   137 | D        | Found a white marble altar of Elyvilon.
   137 | D        | Found a blossoming altar of Fedhas.
   137 | D        | Found an opulent altar of Gozag.
   138 | D        | Found a hazy altar of Hepliaklqana.
   139 | D        | Found a viscous altar of Jiyva.
   140 | D        | Found an ancient bone altar of Kikubaaqudgha.
   141 | D        | Found a corrupted altar of Lugonu.
   142 | D        | Found a burning altar of Makhleb.
   143 | D        | Found a sparkling altar of Nemelex Xobeh.
   144 | D        | Found an iron altar of Okawaru.
   147 | D        | Found a stormy altar of Qazlal.
   148 | D        | Found a sacrificial altar of Ru.
   149 | D        | Found a shimmering blue altar of Sif Muna.
   150 | D        | Found a bloodstained altar of Trog.
   151 | D        | Found a hide-covered altar of Uskayaw.
   152 | D        | Found a radiant altar of Vehumet.
   153 | D        | Found an ornate altar of the Wu Jian Council.
   154 | D        | Found a shimmering altar of Xom.
   155 | D        | Found a basalt altar of Yredelemnul.
   156 | D        | Found a glowing silver altar of Zin.
   157 | D        | Found a glowing golden altar of the Shining One.
   165 | D        | Became a worshipper of the Shining One
   214 | D        | Noticed a two-headed ogre
   214 | D        | Noticed a wyvern
   214 | D        | Noticed a troll
   214 | D        | Reached * piety under the Shining One
   214 | D        | Noticed a vampire
   214 | D        | Noticed a wraith
   221 | D        | Killed a two-headed ogre
   222 | D        | Reached skill level 10 in Fighting
   222 | D        | Reached skill level 10 in Axes
   222 | D        | Reached XP level 6. HP: 30/67 MP: 6/6
   222 | D        | Reached XP level 7. HP: 32/73 MP: 7/7
   224 | D        | Killed a wyvern
   225 | D        | Reached skill level 11 in Axes
   225 | D        | Reached XP level 8. HP: 37/81 MP: 8/8
   226 | D        | Killed a troll
   227 | D        | Reached skill level 10 in Armour
   227 | D        | Reached skill level 10 in Shields
   237 | D        | Killed a vampire
   237 | D        | Reached ** piety under the Shining One
   238 | D        | Reached skill level 12 in Axes
   240 | D        | Killed a wraith
   248 | D        | Noticed a cyclops
   248 | D        | Noticed a vampire
   248 | D        | Reached *** piety under the Shining One
   248 | D        | Noticed a troll
   248 | D        | Noticed a centaur warrior
   248 | D        | Noticed a troll
   248 | D        | Noticed a boulder beetle
   256 | D        | Killed a cyclops
   257 | D        | Reached skill level 13 in Axes
   257 | D        | Reached XP level 9. HP: 61/91 MP: 9/9
   258 | D        | Reached **** piety under the Shining One
   263 | D        | Killed a troll
   269 | D        | Killed a centaur warrior
   270 | D        | Reached skill level 14 in Axes
   273 | D        | Killed a troll
   279 | D        | Killed a boulder beetle
   280 | D        | Reached skill level 15 in Axes
   280 | D        | Reached XP level 10. HP: 20/103 MP: 10/10
   610 | D        | Noticed a cane toad
   616 | D        | Noticed an eight-headed hydra
   616 | D        | Reached ***** piety under the Shining One
   632 | D        | HP: 3/104 [14-headed hydra (9)]
   640 | D        | The Shining One protects you from harm!
   640 | D        | HP: 1/104 [17-headed hydra (5)]
   640 | D        | Slain by a 17-headed hydra

Illustrated notes

Levels and vault maps discovered:
D:        linesprint [early_d, line_temple, items_1, d_10, items_2, lair_1,
          lair_end, items_3, orc_1, orc_end, items_4, d_15, swamp_1, shoals_1,
          snake_1, spider_1, d_20, vaults_1, items_5, swamp_end, shoals_end,
          snake_end, spider_end, vaults_end, d_27, items_6, zot_1, zot_end,
          crypt_end, forest_end, elf_end, slime_end, tomb_end, abyss_end,
          pan_hell_end]

Skill      XL: |  1  2  3  4  5  6  7  8  9 |
---------------+----------------------------+-----
Axes           | 3 6 7 10 11 13 15 | 15.6
Fighting       | 4 6 7 10 12 14 | 14.6
Armour         | 4 6 9 11 13 | 13.5
Shields        | 4 6 9 11 13 | 13.5

Action                     |  1- 3 |  4- 6 |  7- 9 | 10-12 || total
---------------------------+-------+-------+-------+-------++-------
  Melee: War axe           |    36 |     8 |    41 |    28 ||   113
    Use: Potion            |     3 |     2 |     6 |     4 ||    15
 Armour: Scale mail        |    26 |     2 |    13 |    32 ||    73
  Dodge: Dodged            |    24 |     4 |     9 |    33 ||    70
  Block: Buckler           |    10 |     1 |    11 |    19 ||    41
